 Dungeon Crawl Stone Soup version 0.18.1-47-g9310371 (console) character file.

563 Kloppie the Slasher (level 6, -1/50 HPs)
             Began as a Demigod Fighter on June 22, 2016.
             Killed from afar by an orc wizard (2 damage)
             ... with a magic dart
             ... on level 4 of the Dungeon.
             The game lasted 00:06:22 (3609 turns).

Kloppie the Slasher (Demigod Fighter)               Turns: 3609, Time: 00:06:23

Health: -1/50      AC:  9    Str: 24    XL:     6   Next: 84%
Magic:  8/8        EV:  7    Int: 12    God:
Gold:   291        SH: 10    Dex: 19    Spells: 0 memorised, 5 levels left

rFire  . . .     SeeInvis .     a - +0 long sword
rCold  . . .     Gourm    .     b - +0 scale mail
rNeg   + . .     Faith    .     c - +0 shield
rPois  .         Spirit   .     (no helmet)
rElec  .         Dismiss  .     (no cloak)
rCorr  +         Reflect  .     (no gloves)
SustAt +         Harm     .     o - +2 pair of boots
MR     .....                    f - amulet of regeneration
Stlth  ..........               p - ring of resist corrosion
                                n - ring of positive energy

@: mighty, not resistant to hostile enchantments, extremely unstealthy
A: high mp 1, sustain attributes
a: no special abilities


You were on level 4 of the Dungeon.
You were not hungry.

You visited 1 branch of the dungeon, and saw 4 of its levels.
You also visited: Sewer.

You collected 291 gold pieces.

Inventory:

Hand Weapons
 a - a +0 long sword (weapon)
Armour
 b - a +0 scale mail (worn)
 c - a +0 shield (worn)
 o - a +2 pair of boots (worn)
Jewellery
 f - an amulet of regeneration (around neck)
 n - a ring of positive energy (left hand)
 p - a ring of resist corrosion (right hand)
Scrolls
 e - 3 scrolls of fear
 h - a scroll of amnesia {unknown}
 i - 2 scrolls of teleportation
 m - a scroll of blinking {unknown}
 t - 2 scrolls of enchant weapon {unknown}
 v - a scroll of recharging {unknown}
 y - a scroll of noise {unknown}
Potions
 d - a potion of might
 j - a potion of curing
 l - a potion of lignification
 r - a potion of cure mutation
 x - 2 potions of heal wounds {unknown}
Books
 s - a book of the Dragon

   Spells                             Type                      Level
   a - Flame Tongue                   Conjuration/Fire             1
   b - Cause Fear                     Hexes                        4
   c - Bolt of Fire                   Conjuration/Fire             6
   d - Dragon Form                    Transmutation                7
   e - Dragon's Call                  Summoning                    9
Comestibles
 g - a beef jerky
 q - 3 fruits
 u - 2 meat rations
 w - a bread ration


   Skills:
 - Level 2.6 Fighting
 + Level 7.2 Long Blades
 - Level 2.6 Armour
 - Level 2.6 Shields


You had 5 spell levels left.
You didn't know any spells.

Dungeon Overview and Level Annotations

Branches:
Dungeon (4/15)
 Temple: D:4-7


Innate Abilities, Weirdness & Mutations

You have an increased reservoir of magic (+10% MP).
Your attributes are resistant to harm.


Message History

* * * LOW HITPOINT WARNING * * *
You block the orc wizard's attack. The orc wizard closely misses you.
You closely miss the ogre.
The ogre is moderately wounded.
The orc wizard hits you but does no damage.
The orc wizard casts a spell at you. The puff of flame hits you!
* * * LOW HITPOINT WARNING * * *
The ogre hits you with a giant club!
* * * LOW HITPOINT WARNING * * *
The orc wizard casts a spell.
The orc wizard flickers and vanishes!
Deactivating autopickup; reactivate with Ctrl-A.
The orc wizard hits you but does no damage.
You hit the ogre.
The ogre is heavily wounded.
The orc wizard closely misses you.
The orc wizard points at you and mumbles some strange words.
The magic dart hits you!
You die...

#.........####..###.## #.#
#.#######.##.........# #.#
#.# #.......###..######.#
#.# #.....>..............
#.# #...................#
#.# #..................[.
#.# #...##.#.##..#####.##
#.#######..O##.#.##..# #.##
#.........){@#.(.....# #.#
####.......oo###.###.# #.##
###..###..o(...#...# #...
#....# #..###..#.### #.##
#.##.###..# #..#.#######.##
#.##......###..#......##.##
#.######......##...........
#.######.........>....##...
#...........####......##.#.


You could see an ogre, 2 orc wizards and an orc.

Vanquished Creatures
  Purgy (Sewer)
  A phantom (D:4)
  Blork the orc (D:4)
  The ghost of vandaahl the Conjurer, an amateur DECj (Sewer)
  A hound (D:4)
  An orc priest (D:3)
  An iguana (D:4)
  A worker ant (D:4)
  4 adders
  A river rat (D:4)
  4 worms
  A dart slug (D:2)
  6 orcs
  5 bats
  2 giant cockroaches
  7 hobgoblins
  4 jackals (D:3)
  6 kobolds
  6 ball pythons
  7 giant newts
  12 goblins
  12 rats
85 creatures vanquished.

Notes
Turn   | Place    | Note
--------------------------------------------------------------
     0 | D:1      | Kloppie the Demigod Fighter began the quest for the Orb.
     0 | D:1      | Reached XP level 1. HP: 18/18 MP: 3/3
    30 | D:1      | Reached skill level 2 in Long Blades
   224 | D:1      | Reached XP level 2. HP: 23/25 MP: 4/4
   520 | D:1      | Reached skill level 3 in Long Blades
   599 | D:1      | You fall through a shaft!
   675 | D:2      | Reached XP level 3. HP: 25/30 MP: 5/5
   896 | D:2      | Noticed an angel
   913 | D:2      | Found a glowing silver altar of Zin.
   913 | D:2      | Found a shimmering altar of Xom.
   959 | D:2      | Found a faded altar to an unknown god.
  1617 | D:3      | Reached skill level 4 in Long Blades
  1617 | D:3      | Reached XP level 4. HP: 29/37 MP: 6/6
  2255 | D:3      | Found a snail-covered altar of Cheibriados.
  2394 | D:4      | Noticed Blork the orc
  2395 | D:4      | Noticed a phantom
  2410 | D:4      | Killed Blork the orc
  2410 | D:4      | Reached skill level 5 in Long Blades
  2410 | D:4      | Reached XP level 5. HP: 10/42 MP: 7/7
  2891 | D:4      | Found a glowing drain.
  2903 | Sewer    | Entered a sewer
  2995 | Sewer    | Noticed vandaahl's ghost (amateur DECj)
  3031 | Sewer    | Killed vandaahl's ghost
  3031 | Sewer    | Reached skill level 6 in Long Blades
  3031 | Sewer    | Reached XP level 6. HP: 39/50 MP: 8/8
  3042 | Sewer    | Noticed Purgy
  3047 | Sewer    | Killed Purgy
  3553 | D:4      | Reached skill level 7 in Long Blades
  3554 | D:4      | Found an ancient bone altar of Kikubaaqudgha.
  3561 | D:4      | Found a sparkling altar of Nemelex Xobeh.
  3608 | D:4      | HP: 1/50 [ogre/giant club (11)]
  3609 | D:4      | Killed from afar by an orc wizard

Skill      XL: |  1  2  3  4  5  6 |
---------------+-------------------+-----
Long Blades    | 2 3 4 5 6 7 |  7.2
Fighting       | |  2.6
Armour         | |  2.6
Shields        | |  2.6

Action                   |  1- 3 |  4- 6 || total
-------------------------+-------+-------++-------
Melee: Long sword        |   150 |   190 ||   340
  Use: Potion            |       |     4 ||     4
       Scroll            |       |     5 ||     5
  Eat: Chunk             |     2 |     3 ||     5
       Bread ration      |       |     1 ||     1
Armor: Scale mail        |    59 |   113 ||   172
Dodge: Dodged            |    36 |    68 ||   104
Block: Shield            |    69 |   100 ||   169
